cohdb
Replays
Latest Replays
All Replays
Popular Replays
Top Player Replays
Match Explorer
How It Works
Community
CoH3 Stats
Reddit
Sign in to upload your games and track your stats! →
Sign in with Steam
Match 41879936
Unlisted
Match 41879936
Overview
Messages
Build Orders
End
Selects Italian Combined Arms Battlegroup
Selects Bersaglieri Squad
Bersaglieri Squad
Kradschützen Motorcycle Team
Bersaglieri Squad
Panzergrenadier Squad
Construct Light Support Kompanie
Fire Support Elements
Selects Bersaglieri Bolster
Flakvierling Half-track
2.5-tonne Medical Truck
MG34 Team
Selects Breda Model 30 Light Machine Guns
Assault Mechanized Group
Construct Panzerarmee Kommand
Pak 38 Anti-tank Gun Team
Panzer III L Medium Tank
Selects Semovente da 75/18 Assault Gun
Selects Strafing Run
Panzer III L Medium Tank
Selects Artillery Cover
Advanced Field Repairs
Tungsten Core Ammunition
Strafing Run
BIOHAZARD
Neal
0
0
Comments
sign in to comment!
No comments posted yet!